 Dungeon Crawl Stone Soup version 0.31.0-9-g3a7656b989 (webtiles) character file.

Game seed: 11981841998597639987

25 qw the Shooter (level 2, 0/16 HPs)
             Began as a Deep Elf Hunter on Feb 2, 2024.
             Slain by an adder (3 damage)
             ... on level 2 of the Dungeon.
             The game lasted 00:00:03 (1106 turns).

qw the Shooter (Deep Elf Hunter)                    Turns: 1106, Time: 00:00:04

Health: 0/16       AC:  5    Str:  8    XL:     2   Next: 86%
Magic:  4/4        EV: 10    Int: 13    God:
Gold:   36         SH:  0    Dex: 18    Spells: 1/1 levels left

rFire   . . .        a - +0 shortbow
rCold   . . .        (shield currently unavailable)
rNeg    . . .        d - +0 ring mail
rPois   .            (no helmet)
rElec   .            (no cloak)
rCorr   .            (no gloves)
SInv    .            (no boots)
Will    .....        (no amulet)
Stlth   +            (no ring)
HPRegen 0.22/turn    (no ring)
MPRegen 0.09/turn

%: no passive effects
@: lethally poisoned (0 -> -5)
A: no striking features
a: no special abilities


You were on level 2 of the Dungeon.
You visited 1 branch of the dungeon, and saw 2 of its levels.

You collected 83 gold pieces.
You spent 47 gold pieces at shops.


   Skills:
 - Level 1.5 Fighting
 + Level 6.5 Ranged Weapons
 - Level 2.4 Dodging
 - Level 1.2 Stealth


You had one spell level left.
You didn't know any spells.
Your spell library was empty.

Inventory:

Hand Weapons
 a - a +0 shortbow (weapon)
Armour
 d - a +0 ring mail (worn)
Potions
 f - a potion of enlightenment
 h - a potion of mutation

Dungeon Overview and Level Annotations

Branches:
Dungeon (2/15)

Altars:

Shops:
D:1 (:*[?


Message History

You see here a +0 robe.
You see here a +0 club.
There is a stone staircase leading down here.
You climb downwards.
There is a stone staircase leading up here.
Waypoint 1 assigned to D:2.
Found a dagger.
Found a stone staircase leading down.
A hobgoblin comes into view.
You shoot an arrow. The arrow hits the hobgoblin!
You kill the hobgoblin!
You now have 36 gold pieces (gained 7).
You see here the +10 hand axe "Ceun" {spect, rF+++ Str-5 Int-4 SInv}.
Found 7 stones. 2 adders and a rat come into view.
The adder hisses angrily.
The rat squeaks loudly.
You shoot an arrow. The adder hisses angrily.
The arrow hits the adder.
The adder is moderately wounded.
You shoot an arrow. The arrow closely misses the adder.
You shoot an arrow. The arrow hits the adder.
The adder is heavily wounded.
You shoot an arrow. The arrow misses the adder.
The adder closely misses you. The adder bites you. x2
The adder bites you but does no damage.
You shoot an arrow. The arrow barely misses the adder.
The adder bites you. The adder barely misses you.
The rat bites you but does no damage. The adder barely misses you.
The adder bites you.
You are poisoned.
The adder poisons you!
You shoot an arrow. The arrow barely misses the adder.
You feel sick. The rat closely misses you. The adder barely misses you.
The adder bites you.
You are lethally poisoned!
The adder poisons you!
You shoot an arrow. The arrow misses the adder.
You feel sick.
The adder bites you but does no damage. x2; The rat bites you.
The adder bites you but does no damage. The adder bites you.
You die...

#.# ..# #.#
#####..### #.
#....#...##
#.........#
#.........#
..........#
.(....r...#
#.#
......S@..###
#.#
......S##...##
#.# .......
###..# #.#
....... ##.##
#.# .......
#..# #.#
....... ##.###
#.# .......
#...####)#
.......
###...##.#
###....#


You could see 2 adders and a rat.

Vanquished Creatures
  A dart slug (D:1)
  2 endoplasms (D:1)
  2 giant cockroaches (D:1)
  A goblin (D:1)
  2 hobgoblins
  3 jackals (D:1)
  4 kobolds (D:1)
  A quokka (D:1)
  2 bats (D:1)
  2 frilled lizards (D:1)
  A rat (D:1)
21 creatures vanquished.

Notes
Turn   | Place    | Note
-------+----------+-------------------------------------------
     0 | D:1      | qw the Deep Elf Hunter began the quest for the Orb.
     0 | D:1      | Reached XP level 1. HP: 12/12 MP: 3/3
     0 | D:1      | 0 ||| qw: Version: 0.3-a-155-g5e7d8dd
     0 | D:1      | 0 ||| qw: Game counter: 701
     0 | D:1      | 0 ||| qw: Melee chars always use a shield: true
     0 | D:1      | 0 ||| qw: God list: Okawaru
     0 | D:1      | 0 ||| qw: Allow faded altars: false
     0 | D:1      | 0 ||| qw: Do Orc after clearing Dungeon:15 true
     0 | D:1      | 0 ||| qw: Do second Lair branch before Depths: true
     0 | D:1      | 0 ||| qw: Lair rune preference: random
     0 | D:1      | 0 ||| qw: Goals: Normal
     0 | D:1      | 0 ||| PLANNING D:1-11
   173 | D:1      | Reached skill level 6 in Ranged Weapons
   173 | D:1      | Reached XP level 2. HP: 16/16 MP: 4/4
   185 | D:1      | Found Kesiexe's Antique Armour Shoppe.
   194 | D:1      | 194 ||| SHOPLISTING pair of boots (103 gold, have 25).
   236 | D:1      | Found Ofoute's Assorted Antiques.
   239 | D:1      | 239 ||| BUYING brown potion (23 gold).
   239 | D:1      | Bought a brown potion for 23 gold pieces
   239 | D:1      | 239 ||| SHOPLISTING dark potion (23 gold, have 2).
   239 | D:1      | 239 ||| SHOPLISTING fizzy sapphire potion (23 gold, have
                  | 2).
   239 | D:1      | 239 ||| SHOPLISTING glass ring (130 gold, have 2).
   239 | D:1      | 239 ||| SHOPLISTING helmet (117 gold, have 2).
   239 | D:1      | 239 ||| SHOPLISTING scroll labelled EFEUWUPTUST (26 gold,
                  | have 2).
   239 | D:1      | 239 ||| SHOPLISTING scroll labelled INIUFFU ZUOMYKKIDU (26
                  | gold, have 2).
   239 | D:1      | 239 ||| SHOPLISTING scroll labelled JIFAMM OFIKHLA (26
                  | gold, have 2).
   239 | D:1      | 239 ||| SHOPLISTING smoking acid dragon scales (1170 gold,
                  | have 2).
   645 | D:1      | Found Joroj's Book Boutique.
   747 | D:1      | Found Ycodev's Weapon Shoppe.
   925 | D:1      | Found Hoku's Magic Scroll Boutique.
   934 | D:1      | 934 ||| SHOPLISTING 3 scrolls of identify (72 gold, have
                  | 53).
   934 | D:1      | 934 ||| SHOPLISTING scroll of enchant armour (90 gold, have
                  | 53).
   934 | D:1      | 934 ||| BUYING scroll of identify (24 gold).
   934 | D:1      | Bought a scroll of identify for 24 gold pieces
   958 | D:1      | 958 ||| UPGRADING to +0 ring mail.
   968 | D:1      | 968 ||| DROPPING +0 leather armour.
   969 | D:1      | 969 ||| READING 2 scrolls of identify.
   969 | D:1      | 969 ||| IDENTIFYING brown potion
   970 | D:1      | 970 ||| READING scroll of identify.
   970 | D:1      | 970 ||| IDENTIFYING sapphire potion
   971 | D:1      | 971 ||| READING scroll labelled NOOFFOE FAFULE.
   974 | D:1      | 974 ||| READING scroll labelled HILOFR WAMUH.
   975 | D:1      | 975 ||| DROPPING scroll of butterflies.
  1078 | D:2      | Identified the +10 hand axe "Ceun" {spect, rF+++ Str-5
                  | Int-4 SInv}
  1106 | D:2      | HP: 3/16 [rat (2)]
  1106 | D:2      | Slain by an adder

Levels and vault maps discovered:
D:1:      co_arrival_random_square_maze, layout_basic, serial_curves,
          eino_curves_02, eino_curves_03, eino_curves_03, serial_shops, shop,
          nicolae_shop_pleasant_corner_grove, nicolae_shop_bloodbath_and_beyond,
          nicolae_lakefront_shop, shop
D:2:      layout_basic, hangedman_abyss_or_decor_stabs

Skill      XL: |  1 |
---------------+----+-----
Ranged Weapons | 6 |  6.5
Fighting       | |  1.5
Dodging        | |  2.4
Stealth        | |  1.2

Action                     || total
---------------------------++-------
   Fire: Shortbow          ||    68
    Use: Scroll            ||     4
 Armour: Leather armour    ||    18
         Ring mail         ||    12
  Dodge: Dodged            ||    20

Table legend:
 A = Non-vault XP
 B = Vault XP
 C = Vault XP percentage of total XP
 D = Non-vault monster count
 E = Vault monster count
 F = Vault count percentage of total count
                 A         B        C        D         E       F
            +---------+---------+-------+---------+---------+-------
      Total |      37 |       0 |   0.0 |      21 |       0 |   0.0
            +---------+---------+-------+---------+---------+-------
        D:1 |      35 |       0 |   0.0 |      20 |       0 |   0.0
        D:2 |       2 |       0 |   0.0 |       1 |       0 |   0.0
            +---------+---------+-------+---------+---------+-------
